 Seeded DCSS version 0.28.0-62-gf88900778d (webtiles) character file.

Game seed: 13591998346360536447 (custom seed)

635 Psyclone the Conjurer (level 7, 0/51 HPs)
             Began as a Gnoll Conjurer on Oct 28, 2023.
             Was an Initiate of Gozag.
             Killed from afar by an electric eel (4 damage)
             ... with a bolt of electricity
             ... on level 10 of the Dungeon.
             The game lasted 00:06:00 (2704 turns).

Psyclone the Conjurer (Gnoll Conjurer)              Turns: 2704, Time: 00:06:00

Health: 0/51       AC:  1    Str: 13    XL:     7   Next: 50%
Magic:  4/15       EV: 13    Int: 26    God:    Gozag
Gold:   1630       SH:  5    Dex: 10    Spells: 14/17 levels left

rFire   + + +      SeeInvis .     - Unarmed
rCold   + . .      Faith    .   (no shield)
rNeg    + . .      Spirit   .   a - +0 robe
rPois   +          Reflect  +   e - -2 hat of the Alchemist {rElec rPois rF+ rC+ rN+ Will+ rMut rCorr}
rElec   +          Harm     .   (no cloak)
rCorr   +          Rampage  .   k - +0 pair of gloves
rMut    +                       (no boots)
Will    ++...                   h - amulet of reflection
Stlth   +++.......              b - ring of Autumn {rF++ rCorr Str+6 Int+7}
HPRegen 0.17/turn               (no ring)
MPRegen 0.14/turn

@: lethally poisoned (0 -> -4), gold aura
A: fangs 1, strong nose, distributed training, strong-willed 1, noise
suppression
a: Renounce Religion, Potion Petition, Call Merchant, Bribe Branch


You were on level 10 of the Dungeon.
You worshipped Gozag.
Gozag was most pleased with you.
You visited 1 branch of the dungeon, and saw 10 of its levels.

You collected 3818 gold pieces.
You paid 2188 gold pieces to Gozag.

Inventory:

Hand Weapons
 o - the +9 staff of Wucad Mu {*channel}
   (You acquired it on level 8 of the Dungeon)

   It occasionally powers its wielder's spells, but with a chance of causing
   confusion or draining the wielder's intelligence.
   It becomes more likely to activate and less likely to backfire with increased
   Evocations skill.
Armour
 a - a +0 robe (worn)
 e - the -2 hat of the Alchemist (worn) {rElec rPois rF+ rC+ rN+ Will+ rMut rCorr}
   (You acquired it on level 4 of the Dungeon)

   rF:        It protects you from fire.
   rC:        It protects you from cold.
   rElec:     It insulates you from electricity.
   rPois:     It protects you from poison.
   rN:        It protects you from negative energy.
   rCorr:     It protects you from acid and corrosion.
   rMut:      It protects you from mutation.
   Will:      It increases your willpower.
 k - a +0 pair of gloves (worn)
 p - the +2 pair of gloves of the Cockatrice {rElec Regen+ Slay+3}
   (You acquired it on level 8 of the Dungeon)

   Slay:      It affects your accuracy & damage with ranged weapons and melee
   (+3).
   rElec:     It insulates you from electricity.
   Regen:     It increases your rate of health regeneration.
Jewellery
 b - the ring of Autumn (left hand) {rF++ rCorr Str+6 Int+7}
   (You acquired it on level 2 of the Dungeon)

   [ring of strength]

   Str:       It affects your strength (+6).
   Int:       It affects your intelligence (+7).
   rF:        It greatly protects you from fire.
   rCorr:     It protects you from acid and corrosion.
 h - an amulet of reflection (around neck)
Wands
 f - a wand of mindburst (17)
 j - a wand of iceblast (5)
 q - a wand of paralysis (9)
Scrolls
 c - 2 scrolls of teleportation {unknown}
 d - 3 scrolls of identify {unknown}
 n - a scroll of blinking {unknown}
 r - a scroll of immolation {unknown}
Potions
 g - a potion of ambrosia {unknown}
 i - a potion of curing {unknown}
 l - a potion of haste {unknown}
 m - 2 potions of brilliance {unknown}


   Skills:
 + Level 2.5 Fighting
 + Level 2.5 Short Blades
 + Level 2.5 Long Blades
 + Level 2.5 Axes
 + Level 2.5 Maces & Flails
 + Level 2.5 Polearms
 + Level 2.5 Staves
 + Level 2.5 Slings
 + Level 2.5 Bows
 + Level 2.5 Crossbows
 + Level 2.5 Throwing
 + Level 2.5 Armour
 + Level 5.2 Dodging
 + Level 4.9 Stealth
 + Level 2.5 Shields
 + Level 2.5 Unarmed Combat
 + Level 5.6 Spellcasting
 + Level 7.4 Conjurations
 + Level 2.0 Hexes
 + Level 2.0 Summonings
 + Level 2.0 Necromancy
 + Level 2.0 Translocations
 + Level 2.0 Transmutations
 + Level 2.0 Fire Magic
 + Level 2.0 Ice Magic
 + Level 2.0 Air Magic
 + Level 2.0 Earth Magic
 + Level 2.0 Poison Magic
 + Level 2.8 Invocations
 + Level 2.5 Evocations


You had 14 spell levels left.
You knew the following spells:

 Your Spells              Type           Power      Damage    Failure   Level
a - Magic Dart            Conj           100%       1d8       1%          1
b - Searing Ray           Conj           92%        2d7       1%          2

Your spell library contained the following spells:

 Spells                   Type           Power      Damage    Failure   Level
 Foxfire                  Conj/Fire      100%       2x1d9     1%          1
 Conjure Flame            Conj/Fire      32%        6-21      3%          3
 Dazzling Flash           Conj/Hex       64%        N/A       3%          3
 Inner Flame              Hex/Fire       18%        N/A       9%          3
 Flame Wave               Conj/Fire      32%        2d8       10%         4
 Fulminant Prism          Conj/Hex       16%        3d11      10%         4
 Iskenderun's Mystic Bla  Conj/Tloc      32%        2d8       10%         4


Dungeon Overview and Level Annotations

Branches:
Dungeon (10/15)
 Temple: D:4-7         Lair: D:8-11         Orc: D:9-12

Altars:
Gozag
Okawaru
Sif Muna
The Shining One

Shops:
D:5 :=:

Annotations:
D:5 Menkaure


Innate Abilities, Weirdness & Mutations

You have very sharp teeth.
Your uncanny sense of smell can sniff out nearby items.
Your experience applies equally to all skills.
You are strong-willed. (Will+)
You passively dampen the noise of your surroundings.


Message History

The searing ray hits the gnoll sergeant!
The gnoll sergeant is heavily wounded.
The gnoll sergeant hits you from afar with a +0 trident of venom!
You are poisoned.
You take 13 damage, and have 22/51 hp.
MASSIVE DAMAGE!!
You now have 7/15 mp.
The searing ray hits the gnoll sergeant.
The gnoll sergeant is severely wounded.
You finish channelling your searing ray.
You feel very sick. You block the gnoll sergeant's attack.
You take 4 damage, and have 18/51 hp.
You now have 6/15 mp.
Casting: Searing Ray (safe; 1% risk of failure)
Confirm with . or Enter, or press ? or * to list all spells.
Aiming: Searing Ray (safe; 1% risk of failure)
Press: ? - help, Shift-Dir - straight line, f/p - gnoll sergeant
Aim: a gnoll sergeant, wielding a +0 trident of venom, wearing a +0 scale mail and wearing a +0 kite shield (severely wounded, 89% to hit)
The searing ray hits the gnoll sergeant.
The gnoll sergeant is almost dead. (Press . to maintain the ray.)
* * * LOW HITPOINT WARNING * * *
You feel very sick. The gnoll sergeant misses you.
You take 3 damage, and have 15/51 hp.
You now have 4/15 mp.
The searing ray hits the gnoll sergeant.
You kill the gnoll sergeant!
* * * LOW HITPOINT WARNING * * *
You feel very sick.
You take 3 damage, and have 12/51 hp.
You now have 3/15 mp.
You feel sick.
You take 2 damage, and have 10/51 hp.
You feel sick.
Items here: $ ) [[.
You take 2 damage, and have 8/51 hp.
You feel sick.
The electric eel shoots out a bolt of lightning at you!
The bolt of electricity hits you. You resist.
* * * LOW HITPOINT WARNING * * *
The bolt of electricity hits you. You resist.
You die...
Your body crumbles into a pile of gold.

∆ #+# ≈#### #.#
≈≈≈≈≈# #.#
≈≈≈≈≈≈≈≈≈≈##@#
≈S≈≈≈≈≈≈≈≈≈S≈$#
≈≈≈≈S≈≈≈≈≈≈S##.#
≈≈≈≈≈≈≈≈≈≈≈≈##.#
≈≈≈≈S≈≈≈≈≈ #...#
≈≈
≈≈≈S≈≈≈####.###
... #..........#
...##.......####
............#


You could see 2 electric eels.

Vanquished Creatures
  An ice beast (D:5)
  A sky beast (D:5)
  2 gnoll sergeants
  A howler monkey (D:9)
  A wight (D:9)
  A bullfrog zombie (D:5)
  A hound (D:6)
  3 bullfrog skeletons
  8 gnolls
  A howler monkey skeleton (D:6)
  2 endoplasms (D:4)
  A hobgoblin (D:4)
  3 jackals (D:1)
  A kobold (D:1)
  2 quokkas (D:5)
  2 ball pythons
  2 rats (D:1)
33 creatures vanquished.

Notes
Turn   | Place    | Note
-------+----------+-------------------------------------------
     0 | D:1      | Psyclone the Gnoll Conjurer began the quest for the Orb.
     0 | D:1      | Reached XP level 1. HP: 13/13 MP: 6/6
   319 | D:2      | Identified a scroll of acquirement
   319 | D:2      | Acquired the ring of Autumn {rF++ rCorr Str+6 Int+7}
   382 | D:1      | Reached XP level 2. HP: 19/19 MP: 5/7
   513 | D:2      | Acquired 1369 gold pieces
   568 | D:2      | Acquired 1234 gold pieces
   607 | D:3      | Found a glowing golden altar of the Shining One.
   615 | D:3      | Learned a level 2 spell: Searing Ray
   785 | D:4      | Acquired the -2 hat of the Alchemist {rElec rPois rF+ rC+
                  | rN+ Will+ rMut rCorr}
   785 | D:4      | Found the -2 hat of the Alchemist {rElec rPois rF+ rC+ rN+
                  | Will+ rMut rCorr}
   815 | D:4      | Gained mutation: You are strong-willed. (Will+) [potion of
                  | mutation]
   815 | D:4      | Gained mutation: You passively dampen the noise of your
                  | surroundings. [potion of mutation]
   861 | D:4      | Reached skill level 5 in Spellcasting
   861 | D:4      | Reached skill level 1 in Invocations
   861 | D:4      | Reached XP level 3. HP: 25/25 MP: 2/9
   924 | D:5      | Entered Level 5 of the Dungeon
   928 | D:5      | Reached skill level 1 in Fighting
   928 | D:5      | Reached skill level 1 in Short Blades
   928 | D:5      | Reached skill level 1 in Long Blades
   928 | D:5      | Reached skill level 1 in Axes
   928 | D:5      | Reached skill level 1 in Maces & Flails
   928 | D:5      | Reached skill level 1 in Polearms
   928 | D:5      | Reached skill level 1 in Staves
   928 | D:5      | Reached skill level 1 in Slings
   928 | D:5      | Reached skill level 1 in Bows
   928 | D:5      | Reached skill level 1 in Crossbows
   928 | D:5      | Reached skill level 1 in Throwing
   928 | D:5      | Reached skill level 1 in Armour
   928 | D:5      | Reached skill level 1 in Shields
   928 | D:5      | Reached skill level 1 in Unarmed Combat
   928 | D:5      | Reached skill level 1 in Evocations
   928 | D:5      | Reached XP level 4. HP: 32/32 MP: 6/11
   990 | D:5      | Found a shimmering blue altar of Sif Muna.
  1023 | D:5      | Noticed an ice beast
  1028 | D:5      | Killed an ice beast
  1029 | D:5      | Reached skill level 1 in Hexes
  1029 | D:5      | Reached skill level 1 in Summonings
  1029 | D:5      | Reached skill level 1 in Necromancy
  1029 | D:5      | Reached skill level 1 in Translocations
  1029 | D:5      | Reached skill level 1 in Transmutations
  1029 | D:5      | Reached skill level 1 in Fire Magic
  1029 | D:5      | Reached skill level 1 in Ice Magic
  1029 | D:5      | Reached skill level 1 in Air Magic
  1029 | D:5      | Reached skill level 1 in Earth Magic
  1029 | D:5      | Reached skill level 1 in Poison Magic
  1029 | D:5      | Reached XP level 5. HP: 37/37 MP: 4/12
  1168 | D:5      | Found an opulent altar of Gozag.
  1175 | D:5      | Became a worshipper of Gozag Ym Sagoz the Greedy
  1758 | D:5      | Found an iron altar of Okawaru.
  1762 | D:5      | Noticed a sky beast
  1768 | D:5      | Killed a sky beast
  1769 | D:5      | Reached XP level 6. HP: 36/44 MP: 5/14
  1797 | D:5      | Noticed Menkaure
  1803 | D:6      | Reached skill level 5 in Dodging
  1947 | D:6      | Noticed a sky beast
  2165 | D:8      | Acquired the +2 pair of gloves of the Cockatrice {rElec
                  | Regen+ Slay+3}
  2166 | D:8      | Acquired 813 gold pieces
  2167 | D:8      | Acquired the +9 staff of Wucad Mu {*channel}
  2167 | D:8      | Found the +9 staff of Wucad Mu {*channel}
  2213 | D:9      | Reached XP level 7. HP: 16/50 MP: 5/15
  2573 | D:10     | Entered Level 10 of the Dungeon
  2704 | D:10     | Killed from afar by an electric eel

Illustrated notes

Levels and vault maps discovered:
D:1:      wander_arrival_fairy_ring, layout_basic, chequers_serial_rivers_room_a
D:2:      layout_loops_ring, shapermc_ecumenical_altar_venn, uniq_natasha
D:3:      layout_loops_ring, mainiacjoe_overflow_chevrons,
          gammafunk_ghost_arena, hangedman_glass_teeth
D:4:      layout_basic, nicolae_hepliaklqana_monster_ancestors,
          due_unseen_surprise
D:5:      layout_basic, lemuel_doored_altar, overflow_temple_1_default,
          amethyst_overflow_temple_binary, minmay_manual_mess, uniq_ijyb,
          uniq_edmund, uniq_sigmund, uniq_menkaure
D:6:      layout_layer_cave, minmay_temple_entry_hall
D:7:      layout_basic, nicolae_wu_jian_immortal_techniques
D:8:      layout_rooms, lightli_temple_of_fire, minmay_lair_entry_grove,
          serial_shops, shop
D:9:      layout_cave_pools, grunt_decor_clamped
D:10:     minmay_diamond_stairs, layout_basic

Skill      XL: |  1  2  3  4  5  6  7 |
---------------+----------------------+-----
Spellcasting   | 5 |  5.6
Invocations    | 1 2 |  2.8
Fighting       | 1 2 |  2.5
Short Blades   | 1 2 |  2.5
Long Blades    | 1 2 |  2.5
Axes           | 1 2 |  2.5
Maces & Flails | 1 2 |  2.5
Polearms       | 1 2 |  2.5
Staves         | 1 2 |  2.5
Slings         | 1 2 |  2.5
Bows           | 1 2 |  2.5
Crossbows      | 1 2 |  2.5
Throwing       | 1 2 |  2.5
Armour         | 1 2 |  2.5
Shields        | 1 2 |  2.5
Unarmed Combat | 1 2 |  2.5
Evocations     | 1 2 |  2.5
Hexes          | 1 2 |  2.0
Summonings     | 1 2 |  2.0
Necromancy     | 1 2 |  2.0
Translocations | 1 2 |  2.0
Transmutations | 1 2 |  2.0
Fire Magic     | 1 2 |  2.0
Ice Magic      | 1 2 |  2.0
Air Magic      | 1 2 |  2.0
Earth Magic    | 1 2 |  2.0
Poison Magic   | 1 2 |  2.0
Dodging        | 5 |  5.2
Stealth        | |  4.9
Conjurations   | |  7.4

Action                   |  1- 3 |  4- 6 |  7- 9 || total
-------------------------+-------+-------+-------++-------
 Cast: Magic Dart        |    11 |       |     3 ||    14
       Searing Ray       |     4 |    13 |     7 ||    24
Invok: Call Merchant     |       |     3 |       ||     3
  Use: Scroll            |     4 |     3 |       ||     7
       Potion            |     1 |       |       ||     1
Dodge: Dodged            |     1 |    11 |     6 ||    18
Block: Other             |       |       |     2 ||     2
